 Dungeon Crawl Stone Soup version 0.17-a0-1078-g243345b (webtiles) character file.

254 inmateoo the Insei (level 6, -1/38 HPs)
             Began as a Tengu Monk on May 19, 2015.
             Killed by nerve-wracking pain
             ... invoked by an orc priest
              (13 damage)
             ... on level 3 of the Dungeon.
             The game lasted 00:06:02 (3389 turns).

inmateoo the Insei (Tengu Monk)                     Turns: 3389, Time: 00:06:02

Health: -1/38      AC:  4    Str: 16    XL:     6   Next: 14%
Magic:  7/7        EV: 15    Int: 11    God:
Gold:   116        SH:  0    Dex: 18    Spells: 0 memorised, 5 levels left

rFire  . . .     SeeInvis .       - Unarmed
rCold  . . .     Clarity  .     a - +0 robe
rNeg   . . .     SustAb   .     (no shield)
rPois  .         Gourm    .     (helmet restricted)
rElec  .         Spirit   .     m - +0 cloak
rCorr  .         Warding  .     u - +0 pair of gloves
rMut   .         Stasis   .     (boots unavailable)
MR     .....                    (no amulet)
Stlth  +++.......               (no ring)
                                i - ring of stealth

@: mighty, not resistant to hostile enchantments, fairly stealthy
A: beak, talons 3, able to fly 1
a: Fly


You were on level 3 of the Dungeon.
You were not hungry.

You visited 1 branch of the dungeon, and saw 4 of its levels.

You collected 116 gold pieces.

Inventory:

Armour
 a - a +0 robe (worn)
 m - a +0 cloak (worn)
 u - a +0 pair of gloves (worn)
Jewellery
 c - an uncursed amulet of stasis
 i - a ring of stealth (left hand)
Magical devices
 p - a wand of digging (7)
Scrolls
 d - a scroll of enchant armour {unknown}
 j - a scroll of amnesia {unknown}
 k - 2 scrolls of magic mapping {unknown}
 l - a scroll of teleportation {unknown}
 n - 2 scrolls of identify {unknown}
 o - a scroll of enchant weapon {unknown}
 r - a scroll of fear {unknown}
 t - 2 scrolls of remove curse {unknown}
 x - a scroll of blinking {unknown}
 y - a scroll of immolation {unknown}
 z - a scroll of recharging {unknown}
Potions
 e - a potion of flight {unknown}
 f - a potion of haste {unknown}
 h - a potion of brilliance {unknown}
 q - 2 potions of curing {unknown}
 s - a potion of cure mutation {unknown}
Comestibles
 b - 2 bread rations
 g - a meat ration
 A - a beef jerky


   Skills:
 + Level 4.0 Fighting
 + Level 4.6 Dodging
 - Level 2.0 Stealth
 * Level 6.5 Unarmed Combat


You had 5 spell levels left.
You didn't know any spells.

Dungeon Overview and Level Annotations

Branches:
Dungeon (4/15)
 Temple: D:4-7

Altars:
Sif Muna
Trog
Xom

Annotations:
D:1 exclusion: gnoll


Innate Abilities, Weirdness & Mutations

You have a beak for a mouth.
You have claws for feet.
You can fly.


Message History

The orc priest is lightly wounded.
The orc priest hits you but does no damage.
You hit the orc priest but do no damage.
You claw the orc priest, but do no damage.
You peck the orc priest.
The orc priest is moderately wounded.
You hit the orc priest but do no damage.
You peck the orc priest, but do no damage.
The orc priest is moderately wounded.
The orc priest invokes the aid of Beogh against you.
Something smites you!
Drink which item? (? for menu, Esc to quit)
You feel very mighty all of a sudden.
You punch the orc! You claw the orc.
You kill the orc!
You hit the orc priest. You claw the orc priest.
The orc priest is moderately wounded.
The orc priest mumbles some strange prayers to Beogh against you.
Pain shoots through your body!
You die...

###############
#..........@o.########
#.###..######.#.......
##.###..#####.รท..#######.
#####...##.....[.............
..........#.####....#.####.#
####...#.#.####.#.##.#
##.##........#.##o# #
#.####.######.##o####.... #.#
#.# #.##...o..#


You could see an orc priest.

Vanquished Creatures
  An orc priest (D:3)
  2 orc wizards
  A worker ant zombie (D:3)
  7 adders
  2 adder skeletons (D:3)
  An adder zombie (D:3)
  4 worms
  2 giant geckos (D:2)
  10 orcs
  2 ball pythons (D:2)
  4 bats
  A giant cockroach (D:1)
  3 hobgoblins
  3 jackals (D:2)
  A quokka (D:3)
  A ball python skeleton (D:3)
  A giant gecko zombie (D:3)
  5 giant newts
  5 goblins
  6 kobolds
  3 rats (D:2)
65 creatures vanquished.

Notes
Turn   | Place    | Note
--------------------------------------------------------------
     0 | D:1      | inmateoo the Tengu Monk began the quest for the Orb.
     0 | D:1      | Reached XP level 1. HP: 14/14 MP: 2/2
   118 | D:1      | Reached XP level 2. HP: 13/19 MP: 3/3
   608 | D:1      | Reached skill level 5 in Unarmed Combat
   620 | D:1      | Reached XP level 3. HP: 20/23 MP: 4/4
  1485 | D:2      | Reached XP level 4. HP: 25/28 MP: 5/5
  1948 | D:3      | Found a bloodstained altar of Trog.
  1950 | D:3      | Found a deep blue altar of Sif Muna.
  1950 | D:3      | Found a shimmering altar of Xom.
  2180 | D:3      | Gained mutation: You can fly. [Tengu growth]
  2180 | D:3      | Reached XP level 5. HP: 8/32 MP: 6/6
  2478 | D:3      | Reached skill level 6 in Unarmed Combat
  3144 | D:4      | Reached XP level 6. HP: 8/38 MP: 7/7
  3389 | D:3      | Killed from afar by an orc priest

Vault maps used:
D:1:      onia_arrival_mini_spirals, minmay_misc_feat_iff
D:3:      grunt_temple_overflow_open, first_bread, serial_undead,
          serial_undead_f, serial_undead_f, serial_undead_f, serial_undead_e
D:4:      temple_doors_a, serial_shops, shop, corexii_shack,
          kennysheep_generic_room_3

Action                   |  1- 3 |  4- 6 || total
-------------------------+-------+-------++-------
Melee: Unarmed           |    78 |   114 ||   192
  Use: Potion            |       |     3 ||     3
 Stab: Sleeping          |     8 |     4 ||    12
  Eat: Chunk             |     2 |     6 ||     8
